 Dungeon Crawl Stone Soup version 0.31.0-11-ge490571c62 (webtiles) character file.

Game seed: 12202383431332497666

118038 Aviak the Pandemonic (level 17, 0/142 HPs)
             Began as a Formicid Alchemist on Feb 3, 2024.
             Was a High Priest of Makhleb.
             Slain by a merfolk impaler
             ... wielding a +0 trident
              (10 damage)
             ... on level 3 of the Shoals.
             The game lasted 01:01:46 (29657 turns).

Aviak the Pandemonic (Formicid Alchemist)          Turns: 29657, Time: 01:01:47

Health: 0/142      AC: 32    Str: 22    XL:     17   Next: 30%
Magic:  0/29       EV:  4    Int: 17    God:    Makhleb [*****.]
Gold:   1787       SH:  0    Dex: 14    Spells: 19/22 levels left

rFire   + . .        P - +2 glaive (flame)
rCold   . . .        Z - +1 kite shield {reflect}
rNeg    + + .        f - +3 plate armour {rF+}
rPois   .            (helmet unavailable)
rElec   .            z - +1 cloak
rCorr   .            g - +1 pair of gloves {Str+3}
SInv    +            n - +2 pair of boots {Stlth+}
Will    +....        Q - amulet of Kuocopre {Spirit rN+} Stlth
                     A - +4 ring of protection
HPRegen 0.43/turn    u - ring of positive energy
MPRegen 0.21/turn

%: reflection, guardian spirit
@: mesmerised, held, very slow
A: permanent stasis, dig shafts and tunnels, antennae 3, four strong arms
a: Dig, Shaft Self, Renounce Religion, Minor Destruction, Lesser Servant of
Makhleb, Major Destruction, Greater Servant of Makhleb


You were on level 3 of the Shoals.
You worshipped Makhleb.
Makhleb was extremely pleased with you.
You visited 5 branches of the dungeon, and saw 25 of its levels.
You also visited: Ossuary, Bailey and Volcano.

You collected 2750 gold pieces.
You spent 963 gold pieces at shops.

Inventory:

Hand Weapons
 P - a +2 glaive of flaming (weapon)
Missiles
 d - 5 throwing nets {!f}
Armour
 e - +0 fire dragon scales {rF++ rC-}
 f - a +3 plate armour of fire resistance (worn)
 g - a +1 pair of gloves of strength (worn)
 n - a +2 pair of boots of stealth (worn)
 z - a +1 cloak (worn)
 R - a +1 tower shield of protection
 W - a +2 pair of gloves
 Z - a +1 kite shield of reflection (worn)
Jewellery
 u - a ring of positive energy (right hand)
 A - a +4 ring of protection (left hand)
 L - an amulet of faith {!P}
 Q - the amulet of Kuocopre (around neck) {Spirit rN+}
   (You found it on level 7 of the Dungeon)

   [amulet of guardian spirit]

   Spirit:    It causes incoming damage to be divided between your reserves of
   health and magic.
   rN+:       It protects you from negative energy.
 S - a ring of fire
Wands
 s - a wand of digging (13)
 v - a wand of flame (50)
 x - a wand of iceblast (17)
 y - a wand of charming (4)
 N - a wand of polymorph (23)
 U - a wand of mindburst (19)
 V - a wand of light (2)
Scrolls
 a - 4 scrolls of brand weapon {unknown}
 i - 2 scrolls of identify
 m - 3 scrolls of silence {unknown}
 p - 3 scrolls of amnesia
 q - 4 scrolls of poison
 w - a scroll of torment {unknown}
 B - 5 scrolls of enchant weapon
 G - a scroll of revelation
 I - 5 scrolls of immolation
 J - 4 scrolls of fog {unknown}
 K - 2 scrolls of fear {unknown}
 X - 2 scrolls of vulnerability {unknown}
 Y - a scroll of acquirement {unknown}
Potions
 b - 2 potions of magic
 j - 7 potions of enlightenment
 o - 3 potions of lignification {!q}
 r - 5 potions of mutation {!q}
 t - a potion of brilliance
 C - 8 potions of might
 D - 3 potions of invisibility
 E - a potion of ambrosia {unknown}
 H - a potion of berserk rage {unknown}
Miscellaneous
 k - a phantom mirror
 F - a condenser vane
 M - a sack of spiders (inert)


   Skills:
 - Level 15.0 Fighting
 - Level 2.0 Short Blades
 + Level 14.9 Polearms
 - Level 15.0 Armour
 - Level 2.0 Dodging
 - Level 2.4 Stealth
 + Level 8.8 Shields
 - Level 3.0 Spellcasting
 - Level 1.0 Conjurations
 - Level 6.0 Alchemy
 - Level 16.0 Invocations
 - Level 8.0 Evocations


You had 19 spell levels left.
You knew the following spells:

 Your Spells              Type           Power      Damage    Failure   Level
a - Sting                 Conj/Alch      56%        1d6       58%         1
b - Mercury Vapours       Alch/Air       24%        N/A       80%         2

Your spell library contained the following spells:

 Spells                   Type           Power      Damage    Failure   Level
 Olgreb's Toxic Radiance  Alch           22%        N/A       95%         4
 Summon Small Mammal      Summ           8%         N/A       97%         1
 Mephitic Cloud           Conj/Alch/Air  10%        N/A       98%         3
 Ensorcelled Hibernation  Hex/Ice        4%         N/A       99%         2
 Sublimation of Blood     Necr           2%         N/A       99%         2
 Call Canine Familiar     Summ           2%         N/A       100%        3
 Frozen Ramparts          Ice            4%         1d1       100%        3
 Fugue of the Fallen      Necr           2%         N/A       100%        3
 Gell's Gravitas          Tloc           2%         N/A       100%        3
 Hailstorm                Conj/Ice       4%         3d5       100%        3
 Inner Flame              Hex/Fire       2%         N/A       100%        3
 Passwall                 Erth           2%         N/A       100%        3
 Summon Ice Beast         Ice/Summ       2%         N/A       100%        3
 Teleport Other           Tloc           2%         N/A       100%        3
 Tukima's Dance           Hex            2%         N/A       100%        3
 Volatile Blastmotes      Fire/Tloc      4%         2d10      100%        3
 Anguish                  Hex/Necr       1%         N/A       100%        4
 Fulminant Prism          Conj/Alch      7%         3d6       100%        4
 Iskenderun's Mystic Bla  Conj/Tloc      4%         2d3       100%        4
 Leda's Liquefaction      Alch/Erth      6%         N/A       100%        4
 Passage of Golubria      Tloc           2%         N/A       100%        4
 Petrify                  Alch/Erth      12%        N/A       100%        4
 Sticky Flame             Fire/Alch      12%        2d5       100%        4
 Summon Blazeheart Golem  Fire/Summ      2%         N/A       100%        4
 Alistair's Intoxication  Alch           14%        N/A       100%        5
 Borgnjor's Vile Clutch   Necr/Erth      1%         N/A       100%        5
 Irradiate                Conj/Alch      7%         3d14      100%        5
 Iskenderun's Battlesphe  Conj           5%         2d6       100%        5
 Metabolic Englaciation   Hex/Ice        1%         N/A       100%        5
 Yara's Violent Unravell  Hex/Alch       6%         3d5       100%        5
 Bombard                  Conj/Erth      2%         9d1       100%        6
 Dispersal                Tloc           1%         N/A       100%        6
 Eringya's Noxious Bog    Alch           11%        4d6       100%        6
 Sculpt Simulacrum        Ice/Alch       6%         N/A       100%        6
 Ozocubu's Refrigeration  Ice            1%         4d7       100%        7
 Spellforged Servitor     Conj/Summ      2%         N/A       100%        7
 Ignition                 Fire           1%         3d3       100%        8
 Polar Vortex             Ice            1%         N/A       100%        9
 Swiftness                Air            Unusable   N/A       N/A         3

Dungeon Overview and Level Annotations

Branches:
Dungeon (14/15)            Temple (1/1) D:7            Lair (5/5) D:9
 Shoals (3/4) Lair:2       Spider (0/4) Lair:3        Slime (0/5) Lair:5
    Orc (2/2) D:12            Elf (0/3) Orc:2        Vaults (0/5) D:13
Ossuary (visited)          Bailey (visited)         Volcano (visited)

Altars:
Ashenzari
Cheibriados
Dithmenos
Elyvilon
Fedhas
Gozag
Hepliaklqana
Kikubaaqudgha
Makhleb
Nemelex Xobeh
Okawaru
Qazlal
Ru
Sif Muna
Trog
Uskayaw
Vehumet
Wu Jian
Xom
Yredelemnul
Zin
The Shining One
Jiyva

Shops:
D:4 [   D:11 [   Orc:1 :   Orc:2 ([*(

Annotations:
Lair:2 exclusion: oklob plant


Innate Abilities, Weirdness & Mutations

You cannot be hasted, slowed, berserked, paralysed or teleported.
You can dig through walls and to a lower floor.
You have a pair of large antennae on your head. (SInv)
Your four strong arms can wield two-handed weapons with a shield.


Message History

You feel much better.
Your redback splashes around in the water.
The catoblepas gores you but does no damage.
The death yak gores you but does no damage.
The death yak gores you.
* * * LOW HITPOINT WARNING * * *
The merfolk hits you but does no damage.
The merfolk impaler hits you from afar with a +0 trident!
* * * LOW HITPOINT WARNING * * *
The merfolk hits you but does no damage.
Your redback bites the merfolk but does no damage.
Unknown command.
Unknown command.
Unknown command.
You feel much better. The catoblepas closely misses you.
The merfolk impaler hits you but does no damage.
The death yak gores you but does no damage.
The death yak misses your culicivora.
The death yak gores you but does no damage.
Your redback barely misses the merfolk.
The merfolk hits you from afar with a +6 halberd of freezing.
* * * LOW HITPOINT WARNING * * *
The merfolk freezes you.
* * * LOW HITPOINT WARNING * * *
The merfolk hits you from afar with a +0 spear!
* * * LOW HITPOINT WARNING * * *
The merfolk impaler hits you but does no damage.
Unknown command.
Unknown command.
A demon appears!
It doesn't seem very happy.
Your redback splashes around in the water.
The catoblepas barely misses you. The death yak gores you!
* * * LOW HITPOINT WARNING * * *
The death yak gores your culicivora!!
The merfolk avatar chants a haunting song.
You are mesmerised by the merfolk avatar!
The death yak gores you but does no damage.
The merfolk impaler hits you from afar with a +0 trident!
You die...

~≈≈~.≈~~~~~~.~≈≈≈≈≈
≈≈≈≈~≈≈≈~≈~~~~≈≈≈≈≈≈≈≈~~~
~≈≈≈.~≈≈≈≈≈≈≈≈≈≈≈≈≈≈≈≈≈~~
~~~~~~≈≈≈≈≈≈≈≈≈≈≈≈≈≈≈≈≈≈~~~~~
~....≈≈~≈≈≈≈≈≈≈≈≈≈≈≈≈≈≈≈≈~~~~/Y
.)#..~~.~≈≈≈≈≈≈≈m≈≈≈≈≈≈≈~~~~~.>
~.##.≈~.~~≈≈≈≈≈mmm≈≈≈≈≈≈P~~~~Y.
~<)~≈≈.....~~~s≈≈≈≈≈m≈≈~~~~~..#
..).≈≈......≈~Ps@Y~~P≈~~~~~...#
...........~~~PYYY~P~~~~~~~....
.....##....~~~~~~~2~~~~~~~.....
.....######.....P.~~~~~~~....~.
~~......###.....#)†~~~~~~....~.
.........)..~.....$~~~~~~P.....
.~.......).%~~.....~~~~~~......
~.....~~...~~~~~~~~~~~~~P~..~..
~...~.~≈..~~~~~~~~~~~~~~~~~~~~~


You could see a merfolk avatar (mesmerising), a merfolk impaler (ally target), 3
death yaks, a catoblepas (very poisoned), a green death (summoned), 3 merfolk, a
friendly culicivora (summoned) and a friendly redback (summoned).

Vanquished Creatures
  Saint Roka (Orc:2)
  A kraken (Shoals:2)
  Azrael (D:14)
  A merfolk javelineer (Shoals:3)
  2 fire dragons (Volcano)
  2 merfolk impalers (Shoals:3)
  The ghost of Suckerboh the Grappler, a journeyman TrFi of Nemelex Xobeh (Orc:1)
  Josephine (Orc:2)
  Fannar (D:11)
  A rakshasa (D:14)
  Erolcha (Orc:2)
  A vault guard (D:13)
  7 hydras
  A merfolk avatar (Shoals:2)
  A merfolk aquamancer (Shoals:1)
  3 boulder beetles
  A catoblepas (D:13)
  5 two-headed ogres
  3 centaur warriors (D:13)
  3 death yaks (D:9)
  2 tengu warriors (D:13)
  A hell hog (Volcano)
  An occultist (D:11)
  2 orc high priests (Orc:2)
  Sonja (D:12)
  4 skysharks
  2 fire crabs
  3 sea snakes
  An arcanist (D:13)
  3 harpies (D:13)
  2 lindwurms (Volcano)
  Pikel (D:4)
  A deep elf pyromancer (D:14)
  2 orc sorcerers (Orc:2)
  6 fauns (Shoals:2)
  4 ugly things (D:14)
  5 cyclopes
  6 manticores
  7 kobold blastminers
  Maurice (D:8)
  8 elephants
  3 black mambas
  7 merfolk sirens
  2 water nymphs (Shoals:1)
  3 gargoyles
  19 cane toads
  A rime drake (Lair:4)
  2 torpor snails
  3 kobold demonologists
  Jeremiah (D:7)
  6 komodo dragons
  3 tengu conjurers (D:13)
  3 trolls
  2 polar bears (Lair:4)
  A hornet (D:10)
  2 tyrant leeches (Lair:5)
  5 merfolk
  3 wind drakes (Shoals:2)
  20 blink frogs
  3 snapping turtles
  7 slime creatures (D:14)
  3 shadows
  Sigmund (D:2)
  8 water elementals
  2 wyverns
  3 vampires
  7 wraiths
  57 yaks
  2 fire elementals (D:14)
  7 humans (D:13)
  10 fire bats
  4 basilisks
  3 redbacks (Lair:3)
  3 steam dragons
  Edmund (D:4)
  18 vampire mosquitoes
  2 acid dragons
  11 water moccasins
  6 hell hounds
  37 orc warriors
  A sky beast (D:7)
  3 black bears
  11 ogres
  13 wolves (Lair:1)
  10 centaurs
  A lemure (D:4)
  2 phantoms
  13 bullfrogs
  3 elf zombies (Ossuary)
  3 kobold brigands
  Blork the orc (D:5)
  7 scorpions
  2 gnoll sergeants
  4 wights (D:5)
  6 killer bees (D:11)
  3 electric eels
  5 howler monkeys
  3 centaur zombies (Ossuary)
  4 jellies
  4 hounds
  15 orc priests
  Crazy Yiuf (D:3)
  A sleepcap (D:7)
  Jessica (D:3)
  Ijyb (D:4)
  Terence (D:2)
  5 hell rats (Lair:5)
  3 iguanas
  23 orc wizards
  5 hound zombies (Ossuary)
  2 mummies (Ossuary)
  15 gnolls
  14 adders
  3 shadow imps
  2 white imps
  6 ufetubi
  6 adder zombies (Ossuary)
  2 ribbon worms
  4 dart slugs
  78 orcs
  11 ball pythons
  13 endoplasms
  5 giant cockroaches
  19 goblins
  10 hobgoblins
  6 jackals (D:1)
  2 quokkas
  4 bats
  6 frilled lizards
  6 gnoll zombies (Ossuary)
  2 goblin zombies (D:4)
  6 jackal zombies (Ossuary)
  31 kobolds
  3 kobold zombies (Ossuary)
  4 orc zombies (Ossuary)
  8 rats
  3 tentacles (Shoals:2)
808 creatures vanquished.

Vanquished Creatures (collateral kills)
  Jorgrun (Orc:1)
  Polyphemus (Shoals:3)
  A fire dragon (Volcano)
  2 vault guards (D:13)
  An alligator snapping turtle (Shoals:2)
  A merfolk avatar (Shoals:3)
  A death yak (Shoals:3)
  A goliath frog (Lair:5)
  2 arcanists (D:13)
  A necromancer (D:13)
  A merfolk siren (Shoals:2)
  A kobold blastminer (Orc:2)
  2 merfolk
  2 blink frogs (Lair:5)
  3 yaks (Lair:5)
  8 humans (D:13)
  A vampire mosquito (Lair:5)
  4 fire bats (Volcano)
  A steam dragon (Volcano)
  3 hell hounds (Volcano)
  6 orc warriors
  An orc priest (Orc:2)
  An orc wizard (Orc:1)
  6 orcs
52 creatures vanquished.

Vanquished Creatures (others)
  A yak (D:9)
  13 tentacles (Shoals:2)
14 creatures vanquished.

Grand Total: 874 creatures vanquished

Notes
Turn   | Place    | Note
-------+----------+-------------------------------------------
     0 | D:1      | Aviak the Formicid Alchemist began the quest for the Orb.
     0 | D:1      | Reached XP level 1. HP: 13/13 MP: 3/3
    55 | D:1      | Reached skill level 1 in Conjurations
    90 | D:1      | Reached XP level 2. HP: 18/19 MP: 1/5
    93 | D:1      | Learned a level 2 spell: Mercury Vapours
   442 | D:1      | Found a faded altar of an unknown god.
   478 | D:1      | Reached XP level 3. HP: 24/24 MP: 0/7
  1291 | D:1      | Reached skill level 5 in Alchemy
  1581 | D:2      | Noticed Terence
  1594 | D:2      | Reached XP level 4. HP: 30/30 MP: 2/8
  1611 | D:2      | Killed Terence
  1881 | D:2      | Reached XP level 5. HP: 36/36 MP: 7/9
  2270 | D:2      | Reached skill level 1 in Armour
  2272 | D:2      | Reached skill level 1 in Fighting
  2283 | D:2      | Noticed Sigmund
  2295 | D:2      | Killed Sigmund
  2296 | D:2      | Reached XP level 6. HP: 36/46 MP: 1/10
  2946 | D:3      | Found a broken altar of Ashenzari.
  2994 | D:3      | Noticed Jessica
  3003 | D:3      | Killed Jessica
  3304 | D:3      | Noticed a black bear
  3327 | D:3      | Killed a black bear
  3328 | D:3      | Reached XP level 7. HP: 13/52 MP: 1/11
  4139 | D:3      | Found a runed translucent door.
  4140 | D:3      | Noticed Crazy Yiuf
  4150 | D:3      | Killed Crazy Yiuf
  4369 | D:4      | Reached skill level 1 in Evocations
  4380 | D:4      | Found a sacrificial altar of Ru.
  4380 | D:4      | Found a glowing golden altar of the Shining One.
  4424 | D:4      | Found a sand-covered staircase.
  4440 | D:4      | Noticed Ijyb
  4441 | D:4      | Noticed Pikel
  4446 | D:4      | Noticed Edmund
  4488 | D:4      | Reached skill level 1 in Polearms
  4503 | D:4      | Killed Pikel
  4504 | D:4      | Reached skill level 5 in Fighting
  4504 | D:4      | Reached XP level 8. HP: 35/62 MP: 4/12
  4514 | D:4      | Killed Edmund
  4515 | D:4      | Reached skill level 5 in Armour
  4519 | D:4      | Killed Ijyb
  4569 | Ossuary  | Entered an ossuary
  4901 | Ossuary  | Reached XP level 9. HP: 68/69 MP: 13/13
  5052 | D:4      | Found a shimmering altar of Xom.
  5085 | D:4      | Found Cuptahisu's Antique Armour Shop.
  5210 | D:4      | Bought a pair of embroidered gloves for 172 gold pieces
  5623 | D:5      | Entered Level 5 of the Dungeon
  5785 | D:5      | Reached skill level 5 in Polearms
  6400 | D:5      | Noticed Blork the orc
  6404 | D:5      | Killed Blork the orc
  6709 | D:6      | Reached XP level 10. HP: 63/80 MP: 14/14
  7679 | D:7      | Found a staircase to the Ecumenical Temple.
  7755 | Temple   | Entered the Ecumenical Temple
  7769 | Temple   | Became a worshipper of Makhleb the Destroyer
  7848 | D:7      | Reached skill level 1 in Invocations
  7979 | D:7      | Noticed Jeremiah
  8011 | D:7      | Killed Jeremiah
  8012 | D:7      | Reached skill level 2 in Invocations
  8152 | D:7      | Identified the amulet of Kuocopre {Spirit rN+}
  8360 | D:7      | Reached skill level 3 in Invocations
  8433 | D:7      | Found an ornate altar of the Wu Jian Council.
  8509 | D:8      | Found an iron altar of Okawaru.
  8721 | D:8      | Reached * piety under Makhleb
  8767 | D:8      | Noticed Maurice
  8792 | D:8      | Killed Maurice
  8793 | D:8      | Reached skill level 4 in Invocations
  9096 | D:8      | Found a hazy altar of Hepliaklqana.
  9541 | D:9      | Noticed a two-headed ogre
  9550 | D:9      | Killed a two-headed ogre
  9551 | D:9      | Reached skill level 5 in Invocations
  9551 | D:9      | Reached XP level 11. HP: 88/89 MP: 15/15
  9587 | D:9      | Reached skill level 6 in Invocations
  9598 | D:9      | Noticed a two-headed ogre
  9608 | D:9      | Killed a two-headed ogre
  9609 | D:9      | Reached skill level 7 in Invocations
  9628 | D:9      | Noticed a death yak
  9632 | D:9      | Noticed a death yak
  9650 | D:9      | Killed a death yak
  9653 | D:9      | Noticed a death yak
  9662 | D:9      | Killed a death yak
  9663 | D:9      | Reached skill level 8 in Invocations
  9674 | D:9      | Killed a death yak
  9680 | D:9      | Reached skill level 9 in Invocations
 10002 | D:9      | Found a staircase to the Lair.
 10108 | D:9      | Found an opulent altar of Gozag.
 10114 | D:9      | Found a stormy altar of Qazlal.
 10220 | D:9      | Reached ** piety under Makhleb
 10221 | D:9      | Reached skill level 10 in Invocations
 10705 | D:9      | Reached XP level 12. HP: 94/95 MP: 19/19
 10781 | D:9      | Found a sparkling altar of Nemelex Xobeh.
 10972 | D:10     | Entered Level 10 of the Dungeon
 11002 | D:10     | Noticed a two-headed ogre
 11002 | D:10     | Noticed a two-headed ogre
 11012 | D:9      | Killed a two-headed ogre
 11248 | D:10     | Noticed a soul eater
 11254 | D:9      | Killed a two-headed ogre
 11522 | D:10     | Noticed a two-headed ogre
 11528 | D:10     | Killed a two-headed ogre
 11634 | D:10     | Found a flagged portal.
 11649 | Bailey   | Entered a bailey
 11850 | Bailey   | Reached skill level 11 in Invocations
 12371 | D:11     | Reached skill level 10 in Fighting
 12386 | D:11     | Reached skill level 10 in Armour
 12416 | D:11     | Reached *** piety under Makhleb
 12448 | D:11     | Reached skill level 10 in Polearms
 12556 | Lair:1   | Entered Level 1 of the Lair of Beasts
 13482 | Lair:1   | Reached XP level 13. HP: 104/104 MP: 21/21
 13864 | Lair:2   | Reached **** piety under Makhleb
 13881 | Lair:2   | Noticed a four-headed hydra
 13891 | Lair:2   | Reached skill level 12 in Invocations
 14107 | Lair:2   | Killed a four-headed hydra
 14159 | Lair:2   | Reached skill level 5 in Evocations
 14193 | Lair:2   | Found a staircase to the Shoals.
 14765 | Lair:3   | Found a shimmering altar of Xom.
 14999 | Lair:3   | Noticed a five-headed hydra
 15007 | Lair:3   | Killed a five-headed hydra
 15533 | Lair:3   | Found a hole to the Spider Nest.
 16254 | Lair:4   | Found a dark tunnel.
 16261 | Volcano  | Entered a volcano
 16358 | Volcano  | Found a large runed translucent door.
 16358 | Volcano  | Found a large runed translucent door.
 16358 | Volcano  | Found a large runed translucent door.
 16359 | Volcano  | Found a large runed translucent door.
 16374 | Volcano  | Noticed a fire dragon
 16387 | Volcano  | Killed a fire dragon
 16402 | Volcano  | Found a large runed translucent door.
 16402 | Volcano  | Found a large runed translucent door.
 16402 | Volcano  | Noticed a fire dragon
 16416 | Volcano  | Killed a fire dragon
 16508 | Volcano  | Found a large runed translucent door.
 16509 | Volcano  | Found a large runed translucent door.
 16512 | Volcano  | Noticed a fire dragon
 16524 | Volcano  | Killed a fire dragon
 16525 | Volcano  | Reached XP level 14. HP: 86/113 MP: 23/23
 16539 | Volcano  | Found a large runed translucent door.
 16539 | Volcano  | Found a large runed translucent door.
 16558 | Volcano  | Found a large runed translucent door.
 16558 | Volcano  | Found a large runed translucent door.
 16611 | Volcano  | Found a large runed translucent door.
 16612 | Volcano  | Found a large runed translucent door.
 16625 | Volcano  | Found a large runed translucent door.
 16625 | Volcano  | Found a large runed translucent door.
 16637 | Volcano  | Found a large runed translucent door.
 16637 | Volcano  | Found a large runed translucent door.
 17493 | Lair:5   | Entered Level 5 of the Lair of Beasts
 17496 | Lair:5   | Identified the +9 flail of Ublim {chaos, *Rage ^Drain rElec
                  | rC++}
 17662 | Lair:5   | Reached skill level 13 in Invocations
 18928 | Lair:5   | Reached ***** piety under Makhleb
 19255 | Lair:5   | Reached XP level 15. HP: 116/122 MP: 23/25
 19311 | Lair:5   | Found a viscous altar of Jiyva.
 19312 | Lair:5   | Found a staircase to the Slime Pits.
 19330 | Lair:5   | Reached skill level 14 in Invocations
 20570 | D:11     | Noticed Fannar
 20596 | D:11     | Killed Fannar
 20955 | D:11     | Found Japputa's Armour Emporium.
 21935 | D:12     | Found a staircase to the Orcish Mines.
 21953 | D:12     | Noticed Sonja
 21960 | D:12     | Killed Sonja
 22404 | Orc:1    | Entered Level 1 of the Orcish Mines
 22451 | Orc:1    | Found Atinoloth's Book Shoppe.
 22542 | Orc:1    | Found a runed translucent door.
 22543 | Orc:1    | Noticed Suckerboh's ghost (journeyman TrFi)
 22602 | Orc:1    | Found a burning altar of Makhleb.
 22607 | Orc:1    | Noticed Jorgrun
 22612 | Orc:1    | Noticed an Executioner
 22630 | Orc:1    | Killed Jorgrun
 22916 | Orc:1    | Killed Suckerboh's ghost
 22943 | Orc:2    | Entered Level 2 of the Orcish Mines
 23044 | Orc:2    | Noticed Saint Roka
 23070 | Orc:2    | Noticed Erolcha
 23072 | Orc:2    | Killed Saint Roka
 23076 | Orc:2    | Killed Erolcha
 23097 | Orc:2    | Found Yjaffiott's Antique Armour Shoppe.
 23101 | Orc:2    | Found Utilorui's Antique Weapon Emporium.
 23107 | Orc:2    | Bought a shimmering scale mail for 270 gold pieces
 23107 | Orc:2    | Identified the +1 scale mail of Servitude {Dex+3} (You
                  | bought it in a shop on level 2 of the Orcish Mines)
 23107 | Orc:2    | Bought a pair of runed gloves for 225 gold pieces
 23107 | Orc:2    | Bought a buckler for 135 gold pieces
 23289 | Orc:2    | Found a staircase to the Elven Halls.
 23352 | Orc:2    | Reached skill level 1 in Shields
 23512 | Orc:2    | Found Ogus's General Store.
 23548 | Orc:2    | Bought a +0 pair of gloves of strength for 161 gold pieces
 23874 | Orc:2    | Found Apeghet's Weapon Emporium.
 24101 | Orc:1    | Noticed Josephine
 24123 | Orc:2    | Killed Josephine
 24505 | D:13     | Reached XP level 16. HP: 124/132 MP: 23/27
 24623 | D:13     | Reached skill level 15 in Invocations
 24861 | D:13     | Reached ****** piety under Makhleb
 24986 | D:13     | Found a gate to the Vaults.
 25416 | D:13     | Reached skill level 5 in Shields
 26043 | D:14     | Noticed Azrael
 26059 | D:14     | Killed Azrael
 26256 | D:14     | Found a white marble altar of Elyvilon.
 26694 | D:14     | Found a bloodstained altar of Trog.
 27108 | Shoals:1 | Entered Level 1 of the Shoals
 28585 | Shoals:2 | Reached XP level 17. HP: 118/140 MP: 28/28
 28646 | Shoals:2 | Reached skill level 16 in Invocations
 28684 | Shoals:2 | Noticed a kraken
 28730 | Shoals:2 | Killed a kraken
 29262 | Shoals:2 | Reached skill level 15 in Fighting
 29419 | Shoals:3 | Reached skill level 15 in Armour
 29634 | Shoals:3 | Noticed Polyphemus
 29649 | Shoals:3 | Killed Polyphemus
 29654 | Shoals:3 | HP: 7/142 [merfolk/+6 halberd of freezing[a merfolk
                  | impaler] (8)]
 29657 | Shoals:3 | Slain by a merfolk impaler

Illustrated notes

Levels and vault maps discovered:
D:1:      dpeg_arrival_fog, layout_basic, ebering_ecumenical_altar_ruins
D:2:      layout_basic, uniq_terence, uniq_sigmund
D:3:      minmay_recursive_quarters, layout_rooms,
          ashenzari_conservatory_becter, kennysheep_generic_room_16,
          uniq_crazy_yiuf_cottage, uniq_jessica
D:4:      layout_basic, kennysheep_mini_moat, nicolae_overflow_two_pavilions,
          enter_ossuary_4, kennysheep_windowed_goal, uniq_edmund, uniq_pikel,
          uniq_ijyb
D:5:      layout_basic, kennysheep_dice, uniq_blork_the_orc
D:6:      layout_loops_cross
D:7:      layout_rooms, pdpol_wu_jian_five_deadly_venoms, temple_pool_b,
          minmay_a_box_with_orc_wizards_in_it, uniq_jeremiah
D:8:      minmay_evil_eye, layout_rooms, nicolae_overflow_crystal_walls,
          nzn_hepliaklqana_mist_gate, uniq_maurice
D:9:      layout_loops_ring, lemuel_coloured_pillars_altar,
          grunt_temple_overflow_open, dpeg_lair_monsters
D:10:     layout_rooms, enter_bailey_3
D:11:     layout_loops_ring, serial_shops, nicolae_shop_tiny_waterfront,
          chequers_serial_rivers_room_a, uniq_fannar
D:12:     layout_basic, orc_0_dummy, uniq_sonja
D:13:     layout_roguey, grunt_vaults_entry_tiered, argonaut_gorgonesque
D:14:     layout_gridville, elyvilon_altar_4, trog_hazing_becter, uniq_azrael
Temple:   chequers_temple_sunken
Lair:1:   statuecave_lemuel, layout_chaotic_city, infiniplex_staircase_pool,
          grunt_megastairs_1
Lair:2:   layout_regular_city, minmay_shoals_entry_centaurs,
          serial_bayou_pond_c, hellmonk_guarded_unrand_vines
Lair:3:   layout_roguey, spider_nest_entry_webs, basic_altar
Lair:4:   layout_roguey, nicolae_volcano_entry_batcave, serial_bayou_shore_b,
          lemuel_fruit_fields
Lair:5:   minmay_lair_end_frog_pond, layout_cave_pods,
          nicolae_slime_entry_slimehenge
Shoals:1: layout_shoals
Shoals:2: layout_shoals
Shoals:3: nzn_motion_control, layout_shoals, uniq_polyphemus, uniq_ilsuiw
Orc:1:    layout_diamond_mine, ebering_ghost_inner_flame, serial_shops,
          nicolae_book_shop_shelving, basic_altar, uniq_jorgrun, uniq_josephine
Orc:2:    grunt_orc_community_town_hall, layout_caves,
          grunt_orc_community_big_house_1, grunt_orc_community_big_house_2,
          grunt_orc_community_house_1, grunt_orc_community_house_1,
          grunt_orc_community_house_2, grunt_orc_community_house_2,
          uniq_saint_roka, uniq_erolcha

Skill      XL: |  1  2  3  4  5  6  7  8  9 10 11 12 13 14 15 16 17 |
---------------+----------------------------------------------------+-----
Conjurations   | 1 |  1.0
Dodging        | 2 |  2.0
Spellcasting   | 3 |  3.0
Alchemy        | 5 6 |  6.0
Armour         | 2 3 4 5 7 9 10 11 12 13 14 15 | 15.0
Fighting       | 2 3 5 7 9 10 11 12 13 14 15 | 15.0
Short Blades   | 2 |  2.0
Evocations     | 3 8 |  8.0
Polearms       | 2 3 5 7 9 10 11 12 13 14 | 14.9
Invocations    | 5 10 11 12 13 14 15 16 | 16.0
Shields        | 3 7 8 |  8.8
Stealth        | |  2.4

Action                     |  1- 3 |  4- 6 |  7- 9 | 10-12 | 13-15 | 16-18 || total
---------------------------+-------+-------+-------+-------+-------+-------++-------
  Melee: Unarmed           |    33 |       |       |       |       |       ||    33
         Punch             |     2 |       |    15 |    13 |    15 |       ||    45
         Dagger            |     6 |    56 |     1 |       |       |       ||    63
         Trident           |       |       |   612 |   926 |  1446 |       ||  2984
         Glaive            |       |       |       |       |   236 |   706 ||   942
   Cast: Sting             |    54 |    60 |    45 |     1 |       |       ||   160
         Mercury Vapours   |     2 |    12 |    16 |       |       |       ||    30
 Invoke: Lesser Servant of |       |       |       |       |    10 |     1 ||    11
         Greater Servant o |       |       |       |       |     3 |     6 ||     9
         Major Destruction |       |       |       |       |     1 |       ||     1
Ability: Dig               |       |       |       |       |     1 |       ||     1
  Evoke: Wand              |       |     3 |     3 |    16 |    24 |    13 ||    59
         Phantom mirror    |       |       |       |       |     3 |       ||     3
         Condenser vane    |       |       |       |       |     1 |       ||     1
         Sack of spiders   |       |       |       |       |       |     1 ||     1
    Use: Scroll            |       |       |     4 |     7 |     8 |     1 ||    20
         Potion            |       |       |     2 |     5 |     1 |     5 ||    13
   Stab: Sleeping          |       |       |     3 |       |       |       ||     3
         Distracted        |       |       |       |       |     9 |     1 ||    10
         Invisible         |       |       |       |       |     2 |       ||     2
         Confused          |       |       |       |       |     1 |       ||     1
         Petrified         |       |       |       |       |       |     4 ||     4
 Armour: Robe              |    34 |    66 |     5 |       |       |       ||   105
         Ring mail         |       |       |   335 |       |       |       ||   335
         Chain mail        |       |       |   171 |   738 |   426 |       ||  1335
         Plate armour      |       |       |       |       |  1178 |   663 ||  1841
  Dodge: Dodged            |    41 |    79 |   354 |   344 |   598 |   151 ||  1567
  Block: Buckler           |       |       |       |       |    61 |    33 ||    94
         Kite shield       |       |       |       |       |       |   293 ||   293
         Reflection        |       |       |       |       |       |    42 ||    42
